 Dungeon Crawl Stone Soup version 0.28-a0-664-gc179e30c89 (webtiles) character file.

Game seed: 6365739544377156141

235 ytrimaz the Skirmisher (level 6, -1/50 HPs)
             Began as a Formicid Fighter on Oct 16, 2021.
             Killed from afar by a steam dragon (18 damage)
             ... with a ball of steam
             ... on level 4 of the Dungeon.
             The game lasted 00:05:02 (4388 turns).

ytrimaz the Skirmisher (Formicid Fighter)           Turns: 4388, Time: 00:05:03

Health: -1/50      AC:  8    Str: 23    XL:     6   Next: 27%
Magic:  6/6        EV:  9    Int:  7    God:
Gold:   221        SH:  4    Dex: 10    Spells: 5/5 levels left

rFire   . . .      SeeInvis +   a - +1 long sword
rCold   . . .      Faith    .   c - +0 buckler
rNeg    . . .      Spirit   .   b - +0 scale mail
rPois   .          Reflect  .   (helmet unavailable)
rElec   .          Harm     .   (no cloak)
rCorr   .          Rampage  .   (no gloves)
Will    +....                   i - +0 pair of boots
Stlth   ..........              (no amulet)
HPRegen 0.16/turn               f - ring of willpower
MPRegen 0.10/turn               (no ring)

@: no status effects
A: permanent stasis, dig shafts and tunnels, antennae 3, four strong arms
a: Dig, Shaft Self


You were on level 4 of the Dungeon.
You visited 1 branch of the dungeon, and saw 4 of its levels.

You collected 221 gold pieces.

Inventory:

Hand Weapons
 a - a +1 long sword (weapon)
Armour
 b - a +0 scale mail (worn)
 c - a +0 buckler (worn)
 i - a +0 pair of boots (worn)
Jewellery
 f - a ring of willpower (left hand)
Scrolls
 h - 2 scrolls of fear
 l - a scroll of immolation {unknown}
 m - 2 scrolls of teleportation {unknown}
Potions
 e - 5 potions of curing {unknown}
 g - 3 potions of haste {unknown}
 j - a potion of attraction {unknown}
 k - a potion of lignification {unknown}


   Skills:
 * Level 4.8 Fighting
 * Level 4.6 Long Blades
 + Level 4.2 Armour
 - Level 3.6 Shields


You had 5 spell levels left.
You didn't know any spells.
Your spell library contained the following spells:

 Spells                   Type           Power      Damage    Failure   Level
 Foxfire                  Conj/Fire      0%         2x1d4     75%         1
 Conjure Flame            Conj/Fire      0%         6-21      98%         3
 Inner Flame              Hex/Fire       0%         N/A       98%         3
 Stone Arrow              Conj/Erth      0%         3d7       98%         3
 Animate Armour           Summ/Erth      0%         N/A       100%        4
 Flame Wave               Conj/Fire      0%         3d3       100%        4
 Lehudib's Crystal Spear  Conj/Erth      0%         10d2      100%        8


Dungeon Overview and Level Annotations

Branches:
Dungeon (4/15)
 Temple: D:4-7

Altars:

Shops:
D:2 :


Innate Abilities, Weirdness & Mutations

You cannot be hasted, slowed, berserked, paralysed or teleported.
You can dig through walls and to a lower floor.
You have a pair of large antennae on your head. (SInv)
Your four strong arms can wield two-handed weapons with a shield.


Message History

There is a stone staircase leading up here.
There is an open door here.
There is a stone staircase leading down here.
You climb downwards.
There is a stone staircase leading up here.
You now have 221 gold pieces (gained 11).
The steam dragon hisses angrily.
The steam dragon breathes steam at you. The ball of steam misses you.
Unknown command.
You start waiting.
A steam dragon is nearby!
You closely miss the steam dragon. The steam dragon bites you.
The steam dragon closely misses you.
You barely miss the steam dragon. The steam dragon breathes steam at you.
The ball of steam hits you!
You barely miss the steam dragon.
You are engulfed in a cloud of scalding steam.
The steam dragon bites you but does no damage.
The steam dragon claws you but does no damage.
You barely miss the steam dragon.
You are engulfed in a cloud of scalding steam.
The steam dragon bites you but does no damage.
The steam dragon barely misses you.
The steam dragon bites you but does no damage.
The steam dragon claws you.
You closely miss the steam dragon. The steam dragon barely misses you.
You block the steam dragon's attack.
You closely miss the steam dragon. The steam dragon barely misses you.
The steam dragon claws you.
You hit the steam dragon.
The steam dragon is lightly wounded.
The steam dragon bites you!
The steam dragon claws you but does no damage.
Your scale mail prevents you from hitting the steam dragon.
The steam dragon is lightly wounded.
The steam dragon breathes steam at you. The ball of steam hits you!!
You die...

#....D## #....### #
#<.){### ##.....###
##.....##
#.........
#..>...###.........
##.##...##..##....#
#.####....####..)#
#.#####...#....)..
##D.####..........
#@....##...######.
#.##.....### #.
##.####...# ##.
####.## ##..# ###..
#.#..# ##.# #.>..
##...### #.#
#...##. ####..###
..#....#### ##<..#
.....## #
###....##..


You could see a steam dragon (catching breath).

Vanquished Creatures
  An orc priest (D:4)
  Jessica (D:2)
  Terence (D:2)
  A hound skeleton (D:4)
  3 adders
  4 gnolls
  A worm (D:2)
  2 dart slugs (D:1)
  An orc (D:4)
  9 ball pythons
  8 endoplasms
  5 giant cockroaches
  6 goblins
  5 hobgoblins
  3 quokkas
  6 bats
  A frilled lizard (D:2)
  7 kobolds
  5 rats
70 creatures vanquished.

Vanquished Creatures (others)
  An orc (D:4)
1 creature vanquished.

Grand Total: 71 creatures vanquished

Notes
Turn   | Place    | Note
-------+----------+-------------------------------------------
     0 | D:1      | ytrimaz the Formicid Fighter began the quest for the Orb.
     0 | D:1      | Reached XP level 1. HP: 18/18 MP: 1/1
   121 | D:1      | Reached XP level 2. HP: 24/24 MP: 2/2
   364 | D:1      | Reached XP level 3. HP: 27/27 MP: 3/3
  1041 | D:2      | Noticed Jessica
  1044 | D:2      | Killed Jessica
  1045 | D:2      | Reached XP level 4. HP: 31/37 MP: 4/4
  1186 | D:2      | Found a faded altar of an unknown god.
  1392 | D:2      | Noticed Terence
  1401 | D:2      | Killed Terence
  1462 | D:2      | Found Vasupnynn's Book Emporium.
  1518 | D:2      | Reached XP level 5. HP: 43/43 MP: 5/5
  3337 | D:4      | Reached XP level 6. HP: 35/49 MP: 6/6
  3484 | D:4      | Noticed a steam dragon
  4388 | D:4      | Killed from afar by a steam dragon

Illustrated notes

Levels and vault maps discovered:
D:1:      ncdulo_wetmaze, layout_loops_ring, chequers_serial_rivers_room_b,
          minmay_tetromino_i2
D:2:      layout_loops_ring, serial_shops, shop,
          shapermc_ecumenical_altar_acropolis, uniq_jessica, uniq_terence
D:3:      layout_loops_corners, st_stairs_6, serial_park_tiny_pond
D:4:      layout_layer_cave, nicolae_qazlal_style_of_elements, uniq_menkaure,
          uniq_eustachio

Skill      XL: |  1  2  3  4  5 |
---------------+----------------+-----
Fighting       | 4 |  4.8
Long Blades    | 3 4 |  4.6
Armour         | 4 |  4.2
Shields        | |  3.6

Action                   |  1- 3 |  4- 6 || total
-------------------------+-------+-------++-------
Melee: Long sword        |    61 |   144 ||   205
  Use: Scroll            |       |     3 ||     3
       Potion            |       |     1 ||     1
Armor: Scale mail        |    21 |    79 ||   100
Dodge: Dodged            |    32 |    66 ||    98
Block: Buckler           |    11 |    32 ||    43

Table legend: (Time is in decaauts)
 A = Elapsed time spent in this place.
 B = Non-inter-level travel time spent in this place.
 C = Inter-level travel time spent in this place.
 D = Time resting spent in this place.
 E = Time spent auto-exploring this place.
 F = Levels seen in this place.
 G = Mean time per level.
                   A        B        C        D        E       F      G
               +--------+--------+--------+--------+--------+-----+--------+
         Total |   4446 |   4236 |    210 |   1008 |   2520 |   4 | 1111.5 |
       Dungeon |   4446 |   4236 |    210 |   1008 |   2520 |   4 | 1111.5 |
               +--------+--------+--------+--------+--------+-----+--------+

Top non-repeatable levels by time:
     D:3: 2222 daAuts
     D:1: 1063 daAuts
     D:2: 845 daAuts
     D:4: 316 daAuts
